 Dungeon Sprint DCSS version 0.29.1-12-g30fa7ad0bf (webtiles) character file.

Game seed: 9264414933322368814

638 boopmooplesden the Spear-Bearer (level 7, 0/77 HPs)
             Began as a Minotaur Berserker on Dec 21, 2022.
             Was an Elder of Trog.
             Slain by a wyvern (8 damage)
             ... in the Dungeon (Sprint II: "The Violet Keep of Menkaure").
             The game lasted 00:00:40 (256 turns).

boopmooplesden the Spear-Bearer (Minotaur Berserker) Turns: 256, Time: 00:00:40

Health: 0/77       AC:  2    Str: 24    XL:     7   Next: 25%
Magic:  6/6        EV: 13    Int:  4    God:    Trog [****..]
Gold:   729        SH:  0    Dex:  9    Spells: 6/6 levels left

rFire   . . .      SeeInvis .   a - +0 spear
rCold   . . .      Faith    .   (no shield)
rNeg    . . .      Spirit   .   b - +0 animal skin
rPois   .          Reflect  .   (helmet restricted)
rElec   .          Harm     .   (no cloak)
rCorr   .          Rampage  .   (no gloves)
Will    ++...      NoTele   +   (no boots)
Stlth   +.........              (no amulet)
HPRegen 1.22/turn               (no ring)
MPRegen 0.10/turn               (no ring)

@: strong-willed, regenerating
A: horns 2, retaliatory headbutt
a: Renounce Religion, Berserk, Trog's Hand, Brothers in Arms


You were in the Dungeon.
You worshipped Trog.
Trog was greatly pleased with you.
You visited 1 branch You collected 729 gold pieces.

Inventory:

Hand Weapons
 a - a +0 spear (weapon)
Armour
 b - a +0 animal skin (worn)
Scrolls
 h - a scroll of blinking
Potions
 c - a potion of curing
 d - a potion of heal wounds
 e - a potion of haste
 f - 2 potions of magic
 g - a potion of berserk rage


   Skills:
 + Level 12.1 Fighting
 + Level 12.4 Polearms
 + Level 6.3 Armour
 + Level 6.6 Dodging


You had 6 spell levels left.
You didn't know any spells.
Your spell library was empty.

Dungeon Overview and Level Annotations

Branches:
Dungeon (1/1)

Altars:

Annotations:
D exclusion: obsidian statue


Innate Abilities, Weirdness & Mutations

You have a pair of horns on your head.
You reflexively headbutt those who attack you in melee.


Message History

You headbutt the wyvern. You hit the wyvern.
The wyvern is severely wounded.
You recover from your berserk rage.
The wyvern bites you!
You barely miss the wyvern. Your headbutt misses the wyvern.
The wyvern is severely wounded.
The wyvern bites you!
You puncture the wyvern!
You kill the wyvern!
Trog accepts your kill.
Your Fighting skill increases to level 12!
Your Polearms skill increases to level 12!
You have reached level 7!
You hit the wyvern but do no damage.
You headbutt the wyvern, but do no damage.
The wyvern bites you!
* * * LOW HITPOINT WARNING * * *
You hit the wyvern. Your headbutt misses the wyvern.
The wyvern is lightly wounded.
You hit the wyvern.
The wyvern is moderately wounded.
The wyvern closely misses you. You furiously retaliate!
You headbutt the wyvern. You closely miss the wyvern.
The wyvern is moderately wounded.
The wyvern barely misses you.
You hit the wyvern.
The wyvern is moderately wounded.
The wyvern closely misses you.
You closely miss the wyvern. You headbutt the wyvern.
The wyvern is heavily wounded.
You barely miss the wyvern. You headbutt the wyvern.
The wyvern is severely wounded.
The wyvern bites you!
* * * LOW HITPOINT WARNING * * *
You hit the wyvern but do no damage.
The wyvern is severely wounded.
The wyvern bites you!
You die...

##+##
##...##
#..#..# #
##.#.#### #.
##†## .##
#.##.###..#
#l@<.'.##+
#.##.###..#
#. #'###.##
# ###.†####
#†##..#
##.#.##
##+##
#~~~~~~~~~~§
#+++#+++#~§≈


You could see a wyvern.

Vanquished Creatures
  A wyvern (D)
  4 necrophages (D)
  4 scorpions (D)
  3 worms (D)
12 creatures vanquished.

Notes
Turn   | Place    | Note
-------+----------+-------------------------------------------
     0 | D        | boopmooplesden the Minotaur Berserker began the quest for
                  | the Orb.
     0 | D        | Reached XP level 1. HP: 19/19 MP: 0/0
     1 | D        | Noticed a scorpion
     1 | D        | Noticed a scorpion
     4 | D        | Killed a scorpion
     5 | D        | Reached XP level 2. HP: 31/31 MP: 1/1
     5 | D        | Reached XP level 3. HP: 38/38 MP: 2/2
     7 | D        | Killed a scorpion
     8 | D        | Reached XP level 4. HP: 48/48 MP: 3/3
     8 | D        | Noticed a scorpion
     8 | D        | Noticed a scorpion
    11 | D        | Killed a scorpion
    11 | D        | Reached ** piety under Trog
    12 | D        | Reached XP level 5. HP: 52/56 MP: 4/4
    14 | D        | Reached skill level 5 in Armour
   160 | D        | Reached skill level 10 in Fighting
   160 | D        | Reached skill level 10 in Polearms
   160 | D        | Reached skill level 5 in Dodging
   160 | D        | Reached XP level 6. HP: 66/66 MP: 5/5
   169 | D        | Reached *** piety under Trog
   224 | D        | Noticed an obsidian statue
   229 | D        | Reached **** piety under Trog
   241 | D        | Noticed a wyvern
   241 | D        | Noticed a wyvern
   248 | D        | Killed a wyvern
   249 | D        | Reached XP level 7. HP: 28/77 MP: 6/6
   256 | D        | Slain by a wyvern

Illustrated notes

Levels and vault maps discovered:
D:        the_violet_keep_of_menkaure [sprint2_stairs_cluster_1,
          sprint2_shoproom, sprint2_temple, sprint2_basic_supplies,
          sprint2_obstacle_3, sprint2_obstacle_5, sprint2_obstacle_1,
          sprint2_obstacle_7, sprint2_obstacle_2, sprint2_timed_cluster_1,
          sprint2_smallroom_cluster_1, sprint2_smallroom_final_cluster_1,
          sprint2_transparent_cluster_1, sprint2_second_timed_cluster_1,
          sprint2_sniper_area_1, sprint2_heavy_combat_area_1,
          sprint2_mutation_trap_area_1, sprint2_forest_area_1,
          sprint2_light_combat_area_1, sprint2_behind_water_1,
          sprint2_near_end_vault_1]

Skill      XL: |  1  2  3  4  5  6 |
---------------+-------------------+-----
Fighting       | 6 7 8 10 12 | 12.1
Polearms       | 6 8 9 10 12 | 12.4
Armour         | 3 4 5 6 |  6.3
Dodging        | 3 4 5 6 |  6.6

Action                   |  1- 3 |  4- 6 |  7- 9 || total
-------------------------+-------+-------+-------++-------
Melee: Spear             |     4 |    32 |     8 ||    44
       Headbutt          |     1 |     6 |     3 ||    10
Invok: Berserk           |     1 |     2 |       ||     3
       Trog's Hand       |       |     1 |       ||     1
Armor: Animal skin       |       |     1 |       ||     1
Dodge: Dodged            |     1 |     7 |     3 ||    11
